 Dungeon Crawl Stone Soup version 0.27-a0-972-gd1521fd518 (webtiles) character file.

Game seed: 6979755009193114800

30 Lanoc the Scratcher (level 3, -5/15 HPs)
             Began as a Felid Transmuter on Apr 13, 2021.
             Slain by a phantom (8 damage)
             ... on level 2 of the Dungeon.
             The game lasted 00:02:33 (2109 turns).

Lanoc the Scratcher (Felid Transmuter)              Turns: 2109, Time: 00:02:34

Health: -5/15      AC:  1    Str:  6    XL:     3   Next: 5%
Magic:  7/7        EV: 17    Int: 15    God:
Gold:   45         SH:  0    Dex: 16    Spells: 3/6 levels left
                                        Lives:  0   Deaths: 0

rFire    . . .     SeeInvis +     - Unarmed
rCold    . . .     Faith    .   (shield unavailable)
rNeg     . . .     Spirit   .   (armour unavailable)
rPois    .         Reflect  .   (helmet unavailable)
rElec    .         Harm     .   (cloak unavailable)
rCorr    .         Rampage  .   (gloves unavailable)
Will     .....                  (boots unavailable)
Stlth    ++........             (no amulet)
HPRegen  0.05/turn              (no ring)
MPRegen  0.10/turn              (no ring)

@: appendages, quick
A: horns 2, very small, claws 1, fangs 3, see invisible, speed 1, shaggy fur 1,
stealthy paws, no weapons or thrown items, no armour, multi-lived
a: End Transformation


You were on level 2 of the Dungeon.
You had temporarily grown beastly horns.
You visited 1 branch of the dungeon, and saw 2 of its levels.

You collected 45 gold pieces.

Inventory:

Scrolls
 a - a scroll of enchant armour {unknown}
 b - a scroll of acquirement {unknown}
Potions
 c - a potion of curing {unknown}


   Skills:
 + Level 1.4 Fighting
 + Level 3.1 Dodging
 * Level 3.5 Unarmed Combat
 - Level 2.0 Spellcasting
 * Level 2.8 Transmutations


You had 3 spell levels left.
You knew the following spells:

 Your Spells              Type           Power      Damage    Failure   Level
g - Wereblood             Tmut           10%        N/A       11%         2
h - Beastly Appendage     Tmut           20%        N/A       7%          1

Your spell library contained the following spells:

 Spells                   Type           Power      Damage    Failure   Level
 Magic Dart               Conj           4%         1d3       22%         1
 Blink                    Tloc           N/A        N/A       32%         2
 Call Imp                 Summ           1%         N/A       32%         2
 Slow                     Hex            1%         N/A       32%         2
 Spider Form              Tmut/Pois      2%         N/A       36%         3
 Conjure Flame            Conj/Fire      1%         6-21      54%         3
 Mephitic Cloud           Conj/Pois/Air  1%         N/A       54%         3
 Ice Form                 Ice/Tmut       5%         N/A       77%         4
 Hydra Form               Tmut           5%         N/A       88%         5


Dungeon Overview and Level Annotations

Branches:
Dungeon (2/15)

Altars:


Innate Abilities, Weirdness & Mutations

You have temporarily grown beastly horns.
You have sharp claws.
You have razor-sharp teeth.
You have supernaturally acute eyesight. (SInv)
You cover ground quickly. (Speed+)
You are covered in fur. (AC +1)
Your stealthy paws help you sneak and pounce on unaware monsters.
You are incapable of wielding weapons or throwing items.
You cannot wear armour.
You gain extra lives every three experience levels.


Message History

You grow a pair of large bovine horns.
You scratch the phantom. You headbutt the phantom.
The phantom is lightly damaged.
The phantom misses you.
You barely miss the phantom.
The phantom is lightly damaged.
The phantom closely misses you.
You scratch the phantom.
The phantom is moderately damaged.
The phantom completely misses you.
You barely miss the phantom. Your headbutt misses the phantom.
The phantom is moderately damaged.
You scratch the phantom. You claw the phantom!
The phantom is severely damaged.
The phantom hits you.
You barely miss the phantom.
The phantom is severely damaged.
The phantom barely misses you.
You scratch the phantom.
The phantom is severely damaged.
The phantom misses you.
You scratch the phantom but do no damage.
Your headbutt misses the phantom.
The phantom is severely damaged.
The phantom hits you.
You scratch the phantom. Your headbutt misses the phantom.
The phantom is almost destroyed.
The phantom closely misses you.
You closely miss the phantom. Your headbutt misses the phantom.
The phantom is almost destroyed.
The phantom hits you!
Ouch! That really hurt!
* * * LOW HITPOINT WARNING * * *
The phantom blinks!
You blink.
You are too injured to fight recklessly!
You scratch the phantom.
The phantom is almost destroyed.
The phantom hits you!
Ouch! That really hurt!
You die...

####..#.#..#..#..#
+....).......>#..#
#####...#....##..#
####..#....##..#
#########..........##..#
#..........##.##...##..#
#..........##......#
#..........##..##..#
#.............@....#
#............W.....#####
#........$.ยงยง............
#########..........######
#<..###....# ##### #.#..#
#...## ##..# ..#


You could see a phantom.

Vanquished Creatures
  A dart slug (D:1)
  3 endoplasms
  2 giant cockroaches (D:1)
  A goblin (D:1)
  2 hobgoblins (D:1)
  5 kobolds
  2 quokkas (D:1)
  2 ball pythons (D:1)
  2 bats (D:1)
  2 frilled lizards (D:1)
  3 rats (D:1)
25 creatures vanquished.

Notes
Turn   | Place    | Note
-------+----------+-------------------------------------------
     0 | D:1      | Lanoc the Felid Transmuter began the quest for the Orb.
     0 | D:1      | Reached XP level 1. HP: 9/9 MP: 4/4
   683 | D:1      | Reached XP level 2. HP: 12/12 MP: 4/6
   690 | D:1      | Learned a level 2 spell: Wereblood
  1725 | D:2      | Reached XP level 3. HP: 9/15 MP: 5/7
  1855 | D:2      | Noticed a phantom
  2109 | D:2      | Slain by a phantom

Illustrated notes

Levels and vault maps discovered:
D:1:      wander_arrival_desolate, layout_loops_ring
D:2:      layout_basic, grunt_ministairs_14

Skill      XL: |  1  2 |
---------------+-------+-----
Dodging        | 3 |  3.1
Fighting       | |  1.4
Unarmed Combat | |  3.5
Spellcasting   | |  2.0
Transmutations | |  2.8

Action                   || total
-------------------------++-------
Melee: Unarmed           ||    88
       Bite              ||     4
       Headbutt          ||     5
       Punch             ||     1
 Cast: Beastly Appendage ||    18
       Wereblood         ||     1
 Stab: Sleeping          ||     4
Armor: Skin              ||     3
Dodge: Dodged            ||    54

Table legend: (Time is in decaauts)
 A = Elapsed time spent in this place.
 B = Non-inter-level travel time spent in this place.
 C = Inter-level travel time spent in this place.
 D = Time resting spent in this place.
 E = Time spent auto-exploring this place.
 F = Levels seen in this place.
 G = Mean time per level.
                   A        B        C        D        E       F      G
               +--------+--------+--------+--------+--------+-----+--------+
         Total |   1971 |   1915 |     56 |    331 |   1345 |   2 |  985.5 |
       Dungeon |   1971 |   1915 |     56 |    331 |   1345 |   2 |  985.5 |
               +--------+--------+--------+--------+--------+-----+--------+

Top non-repeatable levels by time:
     D:1: 1564 daAuts
     D:2: 406 daAuts
